 Dungeon Crawl Stone Soup version 0.25-a0-294-gea9b1ad378 (webtiles) character file.

Game seed: 5381449564115966303, levelgen mode: classic

263036 Borgoz the Bludgeoner (level 20, -4/198 HPs)
             Began as a Gargoyle Berserker on Dec 19, 2019.
             Was a High Priest of Trog.
             Killed from afar by a deep elf knight (8 damage)
             ... with a stone arrow
             ... on level 2 of the Elven Halls.
             The game lasted 02:00:25 (46316 turns).

Borgoz the Bludgeoner (Gargoyle Berserker)         Turns: 46316, Time: 02:00:26

Health: -4/198     AC: 32    Str: 38    XL:     20   Next: 1%
Magic:  20/20      EV: 21    Int: 10    God:    Trog [*****.]
Gold:   754        SH:  0    Dex: 13    Spells: 19/19 levels left

rFire    + + +     SeeInvis +   b - +2 great mace (crush)
rCold    + + .     Gourm    .   (shield currently unavailable)
rNeg     + + +     Faith    .   I - +2 scale mail of Beauty {rC+ rN+ Str+2}
rPois    ∞         Spirit   .   M - +1 hat {SInv}
rElec    +         Reflect  .   E - scarf {rC+ rF+}
rCorr    .         Harm     .   p - +0 pair of gloves {Dex+3}
MR       +....                  j - +0 pair of boots
Stlth    ..........             v - amulet of Saed {Acrobat rC+ Str+3}
HPRegen  0.43/turn              C - ring "Wocos" {rF+ rN+ Str+3 Dex-5 SInv}
MPRegen  0.17/turn              q - ring of Kulimn {Fire Str+3}

@: berserking (expiring), flying, very quick
A: big wings, horns 1, negative energy resistance 1, electricity resistance,
unbreathing, petrification resistance, rot immunity, AC +15
}: 2/15 runes: serpentine, barnacled
a: Stop Flying, Berserk, Trog's Hand, Brothers in Arms, Renounce Religion


You were on level 2 of the Elven Halls.
You worshipped Trog.
Trog was extremely pleased with you.
You were not hungry.

You visited 6 branches of the dungeon, and saw 33 of its levels.
You also visited: Trove and Sewer.

You collected 3607 gold pieces.
You spent 2853 gold pieces at shops.

Inventory:

Hand Weapons
 a - a +7 demon whip
 b - a +2 great mace of crushing (weapon)
 n - the +2 eveningstar of Governance {crush, Int+4 SInv}
   (You acquired it on level 1 of the Elven Halls)

   It inflicts extra damage upon your enemies.
   It affects your intelligence (+4).
   It lets you see invisible.
 w - a +4 antimagic great mace
Missiles
 z - 4 throwing nets (quivered)
Armour
 f - the +0 plate armour of Inaction {rPois rF- rCorr Str+3}
   (You bought it in a shop on level 2 of the Orcish Mines)

   It affects your strength (+3).
   It makes you vulnerable to fire.
   It protects you from poison.
   It provides partial protection from all sources of acid and corrosion.
 j - a +0 pair of boots (worn)
 p - a +0 pair of gloves of dexterity (worn)
 x - the +5 scale mail of the Sacrificial Victim {Slay+2}
   (You took it off a deep elf high priest on level 1 of the Elven Halls)

   It affects your accuracy and damage with ranged weapons and melee attacks
   (+2).
 E - a scarf of resistance (worn)
 I - the +2 scale mail of Beauty (worn) {rC+ rN+ Str+2}
   (You found it on level 2 of the Elven Halls)

   It affects your strength (+2).
   It protects you from cold.
   It protects you from negative energy.
 M - a +1 hat of see invisible (worn)
 R - a +2 scale mail of fire resistance
Jewellery
 k - an uncursed ring of protection from magic
 q - the ring of Kulimn (right hand) {Fire Str+3}
   (You found it in a treasure trove)

   [ring of fire]

   It enhances your fire magic.
   It affects your strength (+3).
   It protects you from fire.
   It makes you vulnerable to cold.
 s - a +5 ring of evasion
 v - the amulet of Saed (around neck) {Acrobat rC+ Str+3}
   (You found it on level 4 of the Dungeon)

   [amulet of the acrobat]

   It helps you evade while moving and waiting.
   It affects your strength (+3).
   It protects you from cold.
 C - the ring "Wocos" (left hand) {rF+ rN+ Str+3 Dex-5 SInv}
   (You found it in a treasure trove)

   [ring of strength]

   It affects your strength (+3).
   It affects your dexterity (-5).
   It protects you from fire.
   It protects you from negative energy.
   It lets you see invisible.
 G - an uncursed ring of fire
 J - an uncursed amulet of guardian spirit
 W - a +4 ring of strength
 X - the ring of the Enemy {+Fly rF- rC++ Stlth+}
   (You found it in a treasure trove)

   [ring of stealth]

   It makes you vulnerable to fire.
   It greatly protects you from cold.
   It lets you fly.
   It makes you more stealthy.
 Y - an uncursed ring of resist corrosion
Wands
 l - a wand of random effects (17)
 o - a wand of iceblast (4)
 r - a wand of polymorph (10)
 t - a wand of digging (12)
 u - a wand of scattershot (3)
 y - a wand of flame (26)
 D - a wand of acid (7)
 Q - a wand of paralysis (17)
Scrolls
 e - 4 scrolls of remove curse
 h - 15 scrolls of teleportation
 m - 6 scrolls of fog
 B - 7 scrolls of identify
 N - 6 scrolls of magic mapping
Potions
 d - 2 potions of ambrosia
 g - 10 potions of haste
 i - 18 potions of curing
 A - 10 potions of might
 F - 2 potions of berserk rage
 K - a potion of cancellation
 L - 2 potions of resistance
 O - 2 potions of invisibility
 U - 2 potions of agility
Comestibles
 c - 41 rations


   Skills:
 + Level 16.7 Fighting
 * Level 19.0 Maces & Flails
 + Level 16.8 Armour
 * Level 16.2 Dodging


You had 19 spell levels left.
You didn't know any spells.
Your spell library was empty.

Dungeon Overview and Level Annotations

Branches:
Dungeon (15/15)            Temple (0/1) D:6            Lair (6/6) D:8
 Shoals (4/4) Lair:4        Snake (4/4) Lair:4        Slime (0/5) Lair:6
    Orc (2/2) D:12            Elf (2/3) Orc:2        Vaults (0/5) D:13
 Depths (0/5) D:15          Sewer (visited)

Altars:
Ashenzari
Cheibriados
Elyvilon
Fedhas
Gozag
Hepliaklqana
Makhleb
Qazlal
Ru
Sif Muna
Trog
Xom
Zin
The Shining One
Beogh

Shops:
D:4 !}}[%   D:5 ?*=!   D:6 [   D:11 *   D:14 *   Orc:2 :[!?   Elf:1 }!*[(
Shoals:3 (   Shoals:4 *   Snake:1 (

Portals:
Hell: Lair:6
Pandemonium: Orc:2


Innate Abilities, Weirdness & Mutations

You are resistant to torment.
Your stone body is resilient. (AC +15)
You are immune to poison.
Your large and strong wings let you fly indefinitely.
You resist negative energy. (rN+)
You are resistant to electric shocks. (rElec)
You can survive without breathing.
You are immune to petrification.
You are immune to rotting.
You have a pair of small horns on your head.


Message History

You hit the +5 glaive of protection but do no damage.
You headbutt the +5 glaive of protection, but do no damage.
The +5 glaive of protection is severely damaged.
The deep elf knight points at you and mumbles some strange words.
The lance of force misses you. The +5 glaive of protection hits you!
* * * LOW HITPOINT WARNING * * *
Unknown command.
You crush the +5 glaive of protection like a grape!!!
The +5 glaive of protection falls from the air.
Trog accepts your kill.
The deep elf knight points at you and mumbles some strange words.
The stone arrow misses you.
A deep elf knight comes into view.
Unknown command.
You miss the deep elf mage. Your headbutt misses the deep elf mage.
You sock the deep elf mage! You headbutt the deep elf mage!
The deep elf mage is heavily wounded.
The deep elf knight casts a spell at you.
The stone arrow hits you!
You die...

### ### ### ### ####
..####.####.####.## #...##
...##...##...##...##......
..........................
.........e.....Y.).......#
*.......#..))..e@...# ...##
)#.....###.)...e...## ....
###...## ##.).....## #... #
##...###.........###...#
##)...#...........#....##
##.......................##
#.........................#
##...........#......)....#
####.........###.........##


You could see 2 deep elf knights, a deep elf mage and an ice beast.

Vanquished Creatures
  Vashnia (Snake:4)
  Asterion (Elf:1)
  A kraken (Shoals:2)
  Roxanne (Snake:4)
  Gastronok (Lair:2)
  Kirke (Lair:6)
  9 nagarajas (Snake:4)
  The ghost of Lanoc the Fetichist, an adept DsAr of Hepliaklqana (Snake:1)
  2 iron dragons (Elf:1)
  A deep elf sorcerer (Elf:2)
  An orc warlord (Orc:1)
  Aizul (Snake:4)
  2 deep elf demonologists (Elf:1)
  The ghost of Pokegali the Carver, a journeyman GrAK of Lugonu (Orc:1)
  2 dire elephants
  4 merfolk javelineers (Shoals:4)
  A deep elf death mage (Elf:1)
  Snorg (Lair:6)
  5 merfolk impalers
  Josephine (D:10)
  A fire dragon (Elf:1)
  A deep elf high priest (Elf:1)
  9 naga warriors
  Harold (D:8)
  The ghost of night the Martial Artist, a journeyman DsMo of Kikubaaqudgha (Lair:1)
  9 hydras
  An ice dragon (Elf:1)
  2 merfolk avatars
  3 two-headed ogres (D:13)
  Erica (D:12)
  A merfolk aquamancer (Shoals:1)
  3 centaur warriors
  5 death yaks (Lair:6)
  12 anacondas (Snake:4)
  A satyr (Shoals:3)
  24 dancing weapons
  Urug (Lair:5)
  A queen ant (Lair:3)
  8 orc high priests
  2 alligator snapping turtles (Shoals:3)
  14 naga sharpshooters
  2 tengu warriors (D:15)
  6 shock serpents
  14 deep elf knights
  Nergalle (D:11)
  9 skeletal warriors
  A fire crab (Lair:6)
  2 sixfirhies
  2 salamander mystics (Snake:4)
  8 sea snakes
  2 unseen horrors
  4 wizards
  A lindwurm (Lair:4)
  5 deep elf archers
  4 gelid demonspawn (Orc:2)
  7 orc knights
  5 naga ritualists (Snake:4)
  9 mana vipers
  A wolf spider zombie (D:13)
  Pikel (D:8)
  23 harpies
  32 deep elf magi
  2 oklob plants
  4 fauns
  6 salamanders
  4 orc sorcerers (Orc:2)
  6 cyclopes
  5 ugly things
  3 moths of wrath
  10 manticores
  Maurice (Orc:1)
  The ghost of Hyawatha the Digger, a novice GrEE (D:9)
  12 elephants
  26 black mambas
  5 merfolk sirens
  A centaur zombie (D:14)
  A torpor snail (Lair:6)
  2 molten gargoyles (D:11)
  6 water nymphs
  2 smoke demons
  13 guardian serpents
  A rust devil (Orc:2)
  18 naga magi
  3 orange demons (Lair:6)
  7 spiny frogs
  3 rime drakes
  4 ice devils
  2 efreet
  A komodo dragon (shapeshifter) (D:15)
  2 kobold demonologists (D:13)
  10 komodo dragons
  A tengu conjurer (D:15)
  2 redback zombies
  19 merfolk
  13 trolls
  3 meliai (D:14)
  4 wind drakes
  A red devil (Lair:6)
  A queen bee (shapeshifter) (Elf:1)
  7 slime creatures
  5 snapping turtles
  17 blink frogs
  Grinder (D:3)
  2 dream sheep (Shoals:4)
  6 spriggans (Lair:1)
  2 hornets
  12 hippogriffs
  A redback (D:9)
  5 wraiths (D:10)
  A shadow (D:13)
  An air elemental (Elf:1)
  7 water elementals
  38 yaks
  2 basilisks
  A human (D:12)
  3 wyverns
  A basilisk (shapeshifter) (D:14)
  A hog (shapeshifter) (Elf:2)
  6 hogs (Lair:6)
  A chaos spawn (Orc:2)
  Menkaure (D:5)
  10 vampire mosquitoes
  5 wargs
  41 nagas
  7 soldier ants (Lair:3)
  10 water moccasins
  An acid dragon (D:11)
  3 hell hounds (Lair:6)
  5 porcupines
  5 ice beasts
  50 orc warriors
  A phantom (D:12)
  4 slaves (D:8)
  2 eyes of draining
  2 necrophages
  6 wolves (Lair:3)
  5 sky beasts
  13 ogres
  12 centaurs
  8 crocodiles
  6 earth elementals
  15 bullfrogs
  Blork the orc (D:5)
  5 scorpions
  24 killer bees
  23 wights
  3 electric eels
  5 howler monkeys
  11 crimson imps
  5 lava snakes (D:11)
  3 bullfrog zombies
  4 hounds
  3 centaur skeletons
  36 orc priests
  3 bullfrog skeletons
  4 jellies
  4 iguanas
  31 orc wizards
  38 worker ants
  A killer bee zombie (D:9)
  A hound zombie (D:7)
  A hound skeleton (D:10)
  8 gnolls
  A howler monkey zombie (D:7)
  17 adders
  A shadow imp (D:5)
  4 oozes (Sewer)
  An adder zombie (D:8)
  4 worms (Sewer)
  3 dart slugs
  10 leopard geckos
  122 orcs
  5 ball pythons
  20 bats
  4 giant cockroaches
  6 goblins
  3 hobgoblins
  22 jackals
  4 quokkas
  3 frilled lizards
  13 kobolds
  A quokka skeleton (D:4)
  A quokka zombie (D:5)
  10 rats
  2 crawling corpses (Elf:1)
  5 plants
  A tentacle (Shoals:2)
1292 creatures vanquished.

Vanquished Creatures (others)
  A deep elf mage (Elf:1)
  A naga mage (Snake:4)
  A water elemental (Elf:1)
  An electric eel (Elf:2)
  An orc (Elf:1)
  8 fungi
  8 plants
  8 tentacles (Shoals:2)
29 creatures vanquished.

Grand Total: 1321 creatures vanquished

Notes
Turn   | Place    | Note
-------+----------+-------------------------------------------
     0 | D:1      | Borgoz the Gargoyle Berserker began the quest for the Orb.
     0 | D:1      | Reached XP level 1. HP: 14/14 MP: 1/1
    68 | D:1      | Reached XP level 2. HP: 13/19 MP: 2/2
   567 | D:1      | Found a glowing golden altar of the Shining One.
   733 | D:1      | Reached XP level 3. HP: 23/23 MP: 3/3
   739 | D:1      | Reached ** piety under Trog
  1287 | D:2      | Reached XP level 4. HP: 25/28 MP: 4/4
  1476 | D:2      | Found a stormy altar of Qazlal.
  1821 | D:3      | Noticed Grinder
  1834 | D:3      | Killed Grinder
  1834 | D:3      | Reached skill level 4 in Maces & Flails
  1834 | D:3      | Reached XP level 5. HP: 13/32 MP: 5/5
  1834 | D:3      | Reached XP level 6. HP: 15/37 MP: 6/6
  2461 | D:3      | Reached *** piety under Trog
  2901 | D:4      | Found Kipracay's Gadget Boutique.
  2943 | D:4      | Found Recoa's Antique Armour Shoppe.
  2969 | D:4      | Bought a shiny ring mail for 133 gold pieces
  3022 | D:4      | Got a pitted bronze amulet
  3027 | D:4      | Found a glowing drain.
  3053 | Sewer    | Entered a sewer
  3060 | Sewer    | Reached XP level 7. HP: 41/41 MP: 7/7
  3086 | Sewer    | Identified the amulet of Saed {Acrobat rC+ Str+3} (You
                  | found it on level 4 of the Dungeon)
  3463 | Sewer    | Reached skill level 5 in Maces & Flails
  3658 | D:4      | Reached **** piety under Trog
  3676 | D:4      | Reached skill level 5 in Armour
  3828 | D:4      | Found Vehoububb's Gadget Shoppe.
  3831 | D:4      | Found Erazysk's Distillery.
  3852 | D:4      | Bought a potion of heal wounds for 50 gold pieces
  4101 | D:4      | Found Diehemp's Food Shop.
  4252 | D:5      | Entered Level 5 of the Dungeon
  4252 | D:5      | Found Jyeril's Distillery.
  4257 | D:5      | Bought a potion of might for 52 gold pieces
  4361 | D:5      | Reached XP level 8. HP: 47/48 MP: 8/8
  4429 | D:5      | Noticed Blork the orc
  4445 | D:5      | Killed Blork the orc
  4456 | D:5      | Found Ilinin's General Store.
  4464 | D:5      | Bought a scroll of teleportation for 45 gold pieces
  4517 | D:5      | Found Rakkamaz's Jewellery Shoppe.
  4670 | D:5      | Found an opulent altar of Gozag.
  4671 | D:5      | Found a glowing silver altar of Zin.
  4748 | D:5      | Found Gitze's Magic Scroll Shoppe.
  4759 | D:5      | Bought a scroll of identify for 26 gold pieces
  4821 | D:5      | Reached skill level 5 in Fighting
  4882 | D:5      | Noticed Menkaure
  4887 | D:5      | Killed Menkaure
  4887 | D:5      | Reached skill level 6 in Maces & Flails
  5340 | D:6      | Found a shimmering altar of Xom.
  5388 | D:6      | Reached skill level 5 in Dodging
  5412 | D:6      | Reached ***** piety under Trog
  5412 | D:6      | Received a gift from Trog
  5412 | D:6      | Reached XP level 9. HP: 31/55 MP: 9/9
  5422 | D:6      | Found a shimmering blue altar of Sif Muna.
  5570 | D:6      | Identified a scroll of acquirement
  5580 | D:6      | Found a staircase to the Ecumenical Temple.
  5638 | D:6      | Found Kakkol's Antique Armour Emporium.
  6143 | D:7      | Found a sacrificial altar of Ru.
  6272 | D:7      | Reached skill level 7 in Maces & Flails
  6578 | D:8      | Found a hazy altar of Hepliaklqana.
  6580 | D:8      | Found a shattered altar of Ashenzari.
  6580 | D:8      | Found a glowing golden altar of the Shining One.
  6581 | D:8      | Found a burning altar of Makhleb.
  6581 | D:8      | Found a blossoming altar of Fedhas.
  6602 | D:8      | Noticed Harold
  6619 | D:8      | Killed Harold
  6628 | D:8      | Reached XP level 10. HP: 59/63 MP: 10/10
  6726 | D:8      | Found a staircase to the Lair.
  6739 | D:8      | Noticed a six-headed hydra
  6755 | D:8      | Killed a six-headed hydra
  6755 | D:8      | Reached skill level 8 in Maces & Flails
  6915 | D:8      | Noticed Pikel
  6940 | D:8      | Killed Pikel
  7056 | D:8      | Found a snail-covered altar of Cheibriados.
  7240 | D:9      | Found a transporter.
  7320 | D:9      | Noticed Hyawatha's ghost (novice GrEE)
  7333 | D:9      | Found a transporter.
  7399 | D:9      | Received a gift from Trog
  7426 | D:9      | Found a white marble altar of Elyvilon.
  7682 | D:9      | Noticed a moth of wrath
  7749 | D:9      | You fall into a shaft and drop 1 floor!
  7749 | D:10     | Entered Level 10 of the Dungeon
  8159 | D:10     | Noticed Josephine
  8174 | D:10     | Killed Josephine
  8174 | D:10     | Reached skill level 9 in Maces & Flails
  8174 | D:10     | Reached XP level 11. HP: 71/71 MP: 9/11
  8870 | D:10     | Received a gift from Trog
  8935 | D:10     | Found a portal to a secret trove of treasure.
  9054 | D:10     | Reached skill level 10 in Armour
  9230 | Lair:1   | Entered Level 1 of the Lair of Beasts
  9369 | Lair:1   | Reached skill level 10 in Fighting
  9421 | Lair:1   | Found a transporter.
  9424 | Lair:1   | Found a transporter.
  9426 | Lair:1   | Noticed a moth of wrath
  9426 | Lair:1   | Identified the +5 trident of Impermanence {elec, rF+ SInv}
  9426 | Lair:1   | Noticed a spriggan rider
  9427 | Lair:1   | Found a bloodstained altar of Trog.
  9427 | Lair:1   | Noticed a moth of wrath
  9582 | Lair:1   | Noticed a five-headed hydra
  9597 | Lair:1   | Killed a five-headed hydra
  9597 | Lair:1   | Reached skill level 10 in Maces & Flails
  9770 | Lair:1   | Noticed night's ghost (journeyman DsMo)
  9908 | Lair:1   | Noticed an oklob plant
 10045 | Lair:1   | Killed an oklob plant
 10202 | Lair:1   | Reached XP level 12. HP: 78/78 MP: 10/12
 10668 | Lair:2   | Noticed Gastronok
 10723 | Lair:2   | Killed Gastronok
 11105 | Lair:2   | Noticed a four-headed hydra
 11116 | Lair:2   | Killed a four-headed hydra
 11886 | Lair:3   | Reached skill level 11 in Maces & Flails
 11973 | Lair:3   | Received a gift from Trog
 12104 | Lair:3   | You fall into a shaft and drop 2 floors!
 12193 | Lair:5   | Reached XP level 13. HP: 84/84 MP: 13/13
 13080 | Lair:4   | Found a staircase to the Shoals.
 13419 | Lair:3   | Reached skill level 10 in Dodging
 13455 | Lair:3   | Received a gift from Trog
 13687 | Lair:3   | Reached skill level 12 in Maces & Flails
 14023 | Lair:4   | Found a blossoming altar of Fedhas.
 14426 | Lair:4   | Found a staircase to the Snake Pit.
 14746 | Lair:5   | Noticed Urug
 14750 | Lair:5   | Found the +8 Wrath of Trog {antimagic, *Rage}
 14761 | Lair:5   | Killed Urug
 15371 | Lair:6   | Entered Level 6 of the Lair of Beasts
 15372 | Lair:6   | Found a staircase to the Slime Pits.
 15482 | Lair:6   | Noticed Kirke
 15500 | Lair:6   | Received a gift from Trog
 15510 | Lair:6   | Killed Kirke
 15643 | Lair:6   | Noticed Snorg
 15658 | Lair:6   | Killed Snorg
 15658 | Lair:6   | Gained mutation: Your large and strong wings let you fly
                  | indefinitely. [Gargoyle growth]
 15658 | Lair:6   | Reached XP level 14. HP: 92/92 MP: 14/14
 16108 | Lair:6   | Noticed a dire elephant
 16139 | Lair:6   | Killed a dire elephant
 16388 | Lair:6   | Reached skill level 13 in Maces & Flails
 16487 | Lair:6   | Paralysed by a wizard for 2 turns
 17029 | Lair:6   | Found a burning altar of Makhleb.
 17434 | Lair:6   | Found a gateway to Hell.
 17443 | Lair:6   | Found the +9 heavy crossbow "Sniper" {velocity, Acc+∞ SInv}
 17721 | D:9      | Killed Hyawatha's ghost
 17877 | D:9      | Got a bound turquoise ring
 17892 | D:9      | Identified the ring "Irivvaix" {rPois rC- EV+5 SInv} (You
                  | found it on level 9 of the Dungeon)
 18200 | Lair:1   | Killed night's ghost
 18790 | D:11     | Received a gift from Trog
 19006 | D:11     | Noticed Nergalle
 19015 | D:11     | Killed Nergalle
 19081 | D:11     | Found Agisegy's Assorted Antiques.
 19646 | D:12     | Reached XP level 15. HP: 99/99 MP: 15/15
 19662 | D:12     | Received a gift from Trog
 20032 | D:12     | Found a staircase to the Orcish Mines.
 20087 | D:12     | Reached skill level 14 in Maces & Flails
 20482 | D:13     | Found a gate to the Vaults.
 20561 | D:13     | Received a gift from Trog
 20664 | D:13     | Found Adwyewig's Antique Armour Boutique.
 21628 | D:14     | Received a gift from Trog
 22018 | D:14     | Found an opulent altar of Gozag.
 22166 | D:14     | Found Ziplioz's General Store.
 22377 | D:15     | Entered Level 15 of the Dungeon
 23021 | D:15     | Found a staircase to the Depths.
 23160 | D:15     | Received a gift from Trog
 23207 | D:15     | Reached XP level 16. HP: 39/106 MP: 6/16
 23240 | D:15     | Reached skill level 15 in Maces & Flails
 23833 | Orc:1    | Entered Level 1 of the Orcish Mines
 23833 | Orc:1    | Noticed Maurice
 23833 | Orc:1    | Noticed Erica
 23848 | D:12     | Killed Erica
 24018 | Orc:1    | Killed Maurice
 24086 | Orc:1    | Found a roughly hewn altar of Beogh.
 24286 | Orc:1    | Found a runed translucent gate.
 24287 | Orc:1    | Found a runed translucent gate.
 24287 | Orc:1    | Found a runed translucent gate.
 24288 | Orc:1    | Found an opulent altar of Gozag.
 24289 | Orc:1    | Noticed Pokegali's ghost (journeyman GrAK)
 24622 | Orc:2    | Entered Level 2 of the Orcish Mines
 24658 | Orc:2    | Received a gift from Trog
 24865 | Orc:2    | Found Waimp's Distillery.
 24866 | Orc:2    | Found Qunailom's Magic Scroll Emporium.
 25450 | Orc:2    | Bought a potion of might for 56 gold pieces
 25450 | Orc:2    | Bought a potion of heal wounds for 70 gold pieces
 25450 | Orc:2    | Bought a potion of might for 56 gold pieces
 25526 | Orc:2    | Received a gift from Trog
 25904 | Orc:2    | Found a staircase to the Elven Halls.
 25908 | Orc:2    | Found a roughly hewn altar of Beogh.
 26594 | Orc:2    | Found Cikhoir's Antique Armour Boutique.
 26594 | Orc:2    | Found a one-way gate leading to the halls of Pandemonium.
 26594 | Orc:2    | Found Riuluvot's Book Shop.
 26888 | Orc:2    | Received a gift from Trog
 26981 | Orc:1    | Killed Pokegali's ghost
 27353 | Shoals:1 | Entered Level 1 of the Shoals
 28980 | Shoals:2 | Reached skill level 16 in Maces & Flails
 29039 | Shoals:2 | Received a gift from Trog
 29123 | Shoals:2 | Reached XP level 17. HP: 83/112 MP: 7/17
 30061 | Shoals:3 | Reached skill level 15 in Armour
 30216 | Shoals:3 | Found Zunoesu's Weapon Emporium.
 30769 | Shoals:4 | Entered Level 4 of the Shoals
 31281 | Shoals:4 | Found Tyavec's General Store.
 31731 | Shoals:4 | Received a gift from Trog
 31738 | Shoals:4 | Reached skill level 15 in Fighting
 32192 | Shoals:4 | Got a barnacled rune of Zot
 32773 | Shoals:4 | Identified the Grimoire of Shifting Toxins
 32802 | Shoals:4 | Identified the +4 great mace of Wu Jian's Whim {venom,
                  | Fragile rPois Int+5}
 33031 | Shoals:2 | Noticed a kraken
 33064 | Shoals:2 | Killed a kraken
 33290 | Snake:1  | Entered Level 1 of the Snake Pit
 33388 | Snake:1  | Received a gift from Trog
 33536 | Snake:1  | Found a runed translucent door.
 33536 | Snake:1  | Found a shimmering altar of Xom.
 33536 | Snake:1  | Noticed Lanoc's ghost (adept DsAr)
 33585 | Snake:1  | Killed Lanoc's ghost
 33592 | Snake:1  | Got a fine chain mail
 33609 | Snake:1  | Identified the cursed +0 chain mail of the Slorg {rPois
                  | Str-3 Int-4 Stlth+} (You found it on level 1 of the Snake
                  | Pit)
 33909 | Snake:1  | Reached skill level 17 in Maces & Flails
 34161 | Snake:1  | Found Alysih's Weapon Boutique.
 34963 | Snake:2  | Reached XP level 18. HP: 105/119 MP: 15/18
 35399 | Snake:3  | Received a gift from Trog
 36039 | Snake:4  | Entered Level 4 of the Snake Pit
 36281 | Snake:4  | Noticed Vashnia
 36333 | Snake:4  | Killed Vashnia
 36650 | Snake:4  | Identified Roxanne's Catalogue of Stones
 36650 | Snake:4  | Noticed Roxanne
 36792 | Snake:4  | Noticed Aizul
 36814 | Snake:4  | Killed Aizul
 37076 | Snake:4  | Reached skill level 15 in Dodging
 37566 | Snake:4  | Received a gift from Trog
 39055 | Snake:4  | Reached skill level 18 in Maces & Flails
 39238 | Snake:4  | Received a gift from Trog
 39611 | Snake:4  | Reached XP level 19. HP: 125/125 MP: 19/19
 39854 | Snake:4  | Got a serpentine rune of Zot
 39939 | Snake:4  | Killed Roxanne
 40233 | D:5      | Bought a scroll of blinking for 97 gold pieces
 40393 | D:11     | Bought a scroll of acquirement for 1612 gold pieces
 40393 | D:11     | Bought a potion of might for 124 gold pieces
 40624 | D:10     | You paid a toll of 5 scrolls of blinking to enter a
                  | treasure trove
 40625 | Trove    | Entered a treasure trove
 40630 | Trove    | Got a warped tin amulet
 40634 | Trove    | Got a warped turquoise ring
 40638 | Trove    | Got a clouded brass ring
 40648 | Trove    | Got a warped copper ring
 40652 | Trove    | Got a warped golden ring
 40656 | Trove    | Got a pitted lead amulet
 40666 | D:10     | Identified the amulet "Pedic" {Acrobat Str+3} (You found it
                  | in a treasure trove)
 40770 | Lair:1   | Identified the ring of Kulimn {Fire Str+3} (You found it in
                  | a treasure trove)
 40772 | Lair:1   | Identified the ring "Wocos" {rF+ rN+ Str+3 Dex-5 SInv} (You
                  | found it in a treasure trove)
 40773 | Lair:1   | Identified the amulet of Qomp {Inacc +Fly rElec} (You found
                  | it in a treasure trove)
 40777 | Lair:1   | Identified the ring "Ockekk Ateo" {+Fly rC- rN+ Int+2} (You
                  | found it in a treasure trove)
 40807 | Lair:1   | Identified the ring of the Enemy {+Fly rF- rC++ Stlth+}
                  | (You found it in a treasure trove)
 41024 | Orc:2    | Bought a crude plate armour for 532 gold pieces
 41034 | Orc:2    | Identified the cursed +0 plate armour of Inaction {rPois
                  | rF- rCorr Str+3} (You bought it in a shop on level 2 of the
                  | Orcish Mines)
 41100 | Elf:1    | Entered Level 1 of the Elven Halls
 41426 | Elf:1    | Found Inlie's Gadget Shop.
 41470 | Elf:1    | Found Aminnyfu's Distillery.
 41499 | Elf:1    | Found Qugeublu's Assorted Antiques.
 41780 | Elf:1    | Found Fopt's Armour Emporium.
 42007 | Elf:1    | Got a bloodstained eveningstar
 42008 | Elf:1    | Identified the +2 eveningstar of Governance {crush, Int+4
                  | SInv} (You acquired it on level 1 of the Elven Halls)
 42114 | Elf:1    | Found Xumeutu's Antique Weapon Shoppe.
 43297 | Elf:1    | Identified the +5 scale mail of the Sacrificial Victim
                  | {Slay+2}
 43316 | Elf:1    | Gained mutation: You have a pair of small horns on your
                  | head. [a cacodemon]
 43338 | Elf:1    | HP: 6/190 [+1 glaive of freezing (16)]
 43707 | Elf:1    | Found a runed translucent gate.
 43707 | Elf:1    | Found a runed translucent gate.
 43707 | Elf:1    | Found a runed translucent gate.
 43707 | Elf:1    | Found a runed translucent gate.
 43707 | Elf:1    | Found a runed translucent gate.
 43711 | Elf:1    | Found a runed translucent gate.
 44161 | Elf:2    | Found a huge runed translucent gate.
 44161 | Elf:2    | Found a huge runed translucent gate.
 44161 | Elf:2    | Found a huge runed translucent gate.
 44161 | Elf:2    | Found a huge runed translucent gate.
 44164 | Elf:2    | Found a huge runed translucent gate.
 44265 | Elf:2    | Received a gift from Trog
 44490 | Elf:2    | Noticed Asterion
 44516 | Elf:1    | Killed Asterion
 45180 | Elf:2    | Got a polished scale mail
 45214 | Elf:2    | Identified the +2 scale mail of Beauty {rC+ rN+ Str+2} (You
                  | found it on level 2 of the Elven Halls)
 46269 | Elf:2    | Received a gift from Trog
 46302 | Elf:2    | Reached skill level 19 in Maces & Flails
 46302 | Elf:2    | Reached XP level 20. HP: 54/132 MP: 20/20
 46313 | Elf:2    | HP: 4/198 [+5 glaive of protection (10)]
 46316 | Elf:2    | Killed from afar by a deep elf knight

Levels and vault maps discovered:
D:1:      dpeg_arrival_ratfight, layout_rooms, tso_metal_star
D:2:      layout_rooms, grunt_qazlal_clouds, first_ration
D:3:      layout_loops_corners, uniq_grinder
D:4:      layout_basic, serial_shops, shop_fountains, nicolae_shop_waterfront,
          shop, shop, nicolae_shop_statue_plus, portal_sewer_entry_f,
          grunt_decor_arrowhead, serial_bayou_pond_d, kennysheep_generic_room_5
D:5:      layout_layer_cave, grunt_temple_overflow_gold_and_silver,
          serial_glass, glass_columns_b, glass_columns_a, serial_shops, shop,
          nicolae_shop_crystal, shop, shop, uniq_menkaure, uniq_blork_the_orc
D:6:      layout_loops_ring, nicolae_overflow_crystal_walls, old_standard_altar,
          minmay_temple_entry_arrows, serial_shops, nicolae_shop_waterfront
D:7:      layout_rooms, nicolae_ru_the_path_less_chosen, grunt_ogre_cave
D:8:      layout_rooms, lemuel_round_altar, grunt_temple_overflow_open,
          lair_entry_dummy, uniq_harold, uniq_pikel
D:9:      layout_basic, lemuel_crystal_altar, gammafunk_ghost_berserking_beasts
D:10:     layout_basic, nicolae_trove_entry_columns, uniq_josephine
D:11:     cheibrodos_magma_flow, layout_basic, serial_shops, shop,
          abandoned_shop, uniq_nergalle
D:12:     layout_roguey, erik_orc_4
D:13:     layout_irregular_city, david_vaults_1, serial_shops,
          nicolae_shop_window_shopping
D:14:     kennysheep_big_flooded_room, layout_loops_ring, serial_shops, shop,
          chequers_serial_rivers_room_a, grunt_gozag_statues
D:15:     hangedman_depths_entry_try_elsewhere_first, layout_irregular_city,
          chequers_avenue
Lair:1:   layout_chaotic_city, gammafunk_ghost_wrathful_warriors,
          chequers_serial_rivers_micro_e, minivault_23, serial_bayou_crossing,
          grunt_megastairs_2, minmay_lair_oklob_chamber
Lair:2:   layout_cave_pods, uniq_gastronok
Lair:3:   layout_chaotic_city, zaba_antful_of_joy, lemuel_fruit_fields
Lair:4:   layout_loops_ring, elwin_shoals_entry_rocks, dummy_snake_entry,
          serial_bayou_pond_a, tgw_fedhas, lemuel_fruit_fields
Lair:5:   layout_layer_cave, small_statue_intersection, uniq_urug
Lair:6:   evil_forest, layout_long_grid, slime_dummy, uniq_snorg, uniq_kirke
Shoals:1: layout_shoals
Shoals:2: layout_shoals, nicolae_shoals_arrival_archipelago
Shoals:3: layout_shoals, serial_shops, shop
Shoals:4: shoals_end_hangedman, layout_shoals, serial_shops, shop
Snake:1:  layout_onion, ebering_ghost_xom, serial_shops, shop, st_stairs_4
Snake:2:  layout_grid_maze
Snake:3:  layout_chambers, corexii_hall_statues_t
Snake:4:  grunt_snake_rune_serpentine_throne, layout_cave_town, uniq_vashnia,
          uniq_roxanne, uniq_aizul
Orc:1:    layout_caves, basic_altar, ebering_ghost_gozag, uniq_maurice,
          uniq_erica
Orc:2:    pf_orc_diabolical, layout_diamond_mine, mines2_david
Elf:1:    eino_elf_arrival_customs, layout_gridlike, serial_shops, shop_statue,
          nicolae_shop_trees, shop, shop_statue, nicolae_shop_waterfront,
          orc_legates
Elf:2:    layout_geoelf_diagonals, grunt_ministairs_11, chequers_big_river,
          mumra_transporter_accident, uniq_asterion

Skill      XL: |  1  2  3  4  5  6  7  8  9 10 11 12 13 14 15 16 17 18 19 |
---------------+----------------------------------------------------------+-----
Dodging        | 2 3 4 5 6 7 8 9 10 11 12 13 14 15 16 | 16.2
Armour         | 3 4 5 6 8 9 10 11 12 13 14 15 16 | 16.8
Maces & Flails | 4 5 6 7 9 10 11 12 13 14 16 17 18 19 | 19.0
Fighting       | 4 5 7 9 10 11 12 13 14 15 16 | 16.7

Action                   |  1- 3 |  4- 6 |  7- 9 | 10-12 | 13-15 | 16-18 | 19-21 || total
-------------------------+-------+-------+-------+-------+-------+-------+-------++-------
Melee: Mace              |   124 |   166 |   235 |       |       |       |       ||   525
       Dire flail        |       |       |   238 |   830 |   287 |       |       ||  1355
       Demon whip        |       |       |       |       |  1526 |  2499 |       ||  4025
       Eveningstar       |       |       |       |       |    87 |       |   125 ||   212
       Great mace        |       |       |       |       |       |    80 |   489 ||   569
       Headbutt          |       |       |       |       |       |       |    53 ||    53
Throw: Throwing net      |       |       |     2 |     2 |       |     1 |     1 ||     6
Invok: Berserk           |       |     5 |     3 |     7 |    10 |    12 |     4 ||    41
       Trog's Hand       |       |     2 |       |     3 |     3 |     5 |     3 ||    16
 Abil: Fly               |       |       |       |       |     1 |       |       ||     1
Evoke: Wand              |       |       |       |    18 |       |     2 |       ||    20
  Use: Scroll            |       |       |    11 |     8 |    18 |    11 |    11 ||    59
       Potion            |       |       |     2 |       |     1 |     6 |       ||     9
 Stab: Held in net/web   |       |       |       |     1 |       |     1 |       ||     2
       Distracted        |       |       |       |       |     1 |       |       ||     1
  Eat: Chunk             |     1 |    11 |    16 |    16 |    36 |    46 |    17 ||   143
       Ration            |       |       |       |     3 |     3 |     6 |     3 ||    15
Armor: Animal skin       |    80 |    24 |       |       |       |       |       ||   104
       Ring mail         |       |    61 |   217 |   240 |   100 |       |       ||   618
       Scale mail        |       |       |       |       |   337 |   646 |   302 ||  1285
Dodge: Dodged            |   137 |   138 |   726 |   945 |  1514 |  2517 |   607 ||  6584

Table legend:
 A = Non-vault XP
 B = Vault XP
 C = Vault XP percentage of total XP
 D = Non-vault monster count
 E = Vault monster count
 F = Vault count percentage of total count
                 A         B        C        D         E       F
            +---------+---------+-------+---------+---------+-------
      Total |  217718 |  182373 |  45.6 |     865 |     418 |  32.6
            +---------+---------+-------+---------+---------+-------
        D:1 |      35 |       5 |  12.5 |      21 |       5 |  19.2
        D:2 |      77 |       0 |   0.0 |      18 |       0 |   0.0
        D:3 |      91 |     249 |  73.2 |      22 |       1 |   4.3
        D:4 |     551 |      50 |   8.3 |      30 |       5 |  14.3
        D:5 |     273 |     268 |  49.5 |      13 |       2 |  13.3
        D:6 |     877 |       0 |   0.0 |      22 |       0 |   0.0
        D:7 |     896 |     125 |  12.2 |      25 |       1 |   3.8
        D:8 |    1609 |    1595 |  49.8 |      11 |       2 |  15.4
        D:9 |    1970 |    2170 |  52.4 |      37 |      11 |  22.9
       D:10 |    2542 |    2127 |  45.6 |      35 |       6 |  14.6
       D:11 |    2792 |    1911 |  40.6 |      24 |       8 |  25.0
       D:12 |    8205 |    1660 |  16.8 |      52 |      17 |  24.6
       D:13 |    9029 |    3545 |  28.2 |      45 |       5 |  10.0
       D:14 |    7893 |     567 |   6.7 |      33 |       2 |   5.7
       D:15 |   16446 |    2600 |  13.7 |      44 |       3 |   6.4
     Lair:1 |    4738 |    4853 |  50.6 |      18 |      12 |  40.0
     Lair:2 |    5423 |    2109 |  28.0 |      14 |       1 |   6.7
     Lair:3 |    5667 |    2905 |  33.9 |      22 |      36 |  62.1
     Lair:4 |    5097 |     572 |  10.1 |      20 |       1 |   4.8
     Lair:5 |    6437 |     867 |  11.9 |      22 |       1 |   4.3
     Lair:6 |   10284 |   15319 |  59.8 |      26 |      34 |  56.7
   Shoals:1 |    8758 |       0 |   0.0 |      19 |       0 |   0.0
   Shoals:2 |   14036 |       0 |   0.0 |      22 |       0 |   0.0
   Shoals:3 |    7987 |       0 |   0.0 |      14 |       0 |   0.0
   Shoals:4 |   13669 |   16309 |  54.4 |      28 |      28 |  50.0
    Snake:1 |   13669 |    3927 |  22.3 |      32 |       4 |  11.1
    Snake:2 |    3378 |       0 |   0.0 |       6 |       0 |   0.0
    Snake:3 |    6629 |       0 |   0.0 |      13 |       0 |   0.0
    Snake:4 |   22837 |   55583 |  70.9 |      43 |      70 |  61.9
      Orc:1 |    5214 |    2290 |  30.5 |      36 |       5 |  12.2
      Orc:2 |    2858 |   18321 |  86.5 |      51 |      74 |  59.2
      Elf:1 |   16911 |   24060 |  58.7 |      29 |      36 |  55.4
      Elf:2 |   10840 |   18300 |  62.8 |      18 |      24 |  57.1
      Sewer |       0 |      86 | 100.0 |       0 |      24 | 100.0
            +---------+---------+-------+---------+---------+-------
